 Dungeon Crawl Stone Soup version 0.24.0-2-g5b39cebb1c (webtiles) character file.

Game seed: 16503739440913329172, levelgen mode: deterministic

1253 Mrkan the Firebug (level 8, -2/81 HPs)
             Began as an Ogre Fire Elementalist on Oct 31, 2019.
             Was a Believer of Sif Muna.
             Slain by an orc warrior
             ... wielding a +0 short sword
              (18 damage)
             ... on level 5 of the Dungeon.
             The game lasted 00:15:44 (6714 turns).

Mrkan the Firebug (Ogre Fire Elementalist)          Turns: 6714, Time: 00:15:45

Health: -2/81      AC:  5    Str: 19    XL:     8   Next: 51%
Magic:  14/16      EV: 10    Int: 17    God:    Sif Muna [**....]
Gold:   194        SH:  0    Dex:  9    Spells: 11/17 levels left

rFire    . . .     SeeInvis .   l - +1 quarterstaff
rCold    . . .     Gourm    .   (shield currently unavailable)
rNeg     . . .     Faith    .   a - +0 robe
rPois    .         Spirit   .   (helmet restricted)
rElec    .         Reflect  .   d - +1 cloak
rCorr    .         Harm     .   (gloves unavailable)
MR       .....                  (boots unavailable)
Stlth    +.........             k - amulet of regeneration
HPRegen  0.63/turn              b - +5 ring of slaying
MPRegen  0.15/turn              (no ring)

@: mighty
A: large, unfitting armour, tough skin 1
a: Channel Magic, Renounce Religion


You were on level 5 of the Dungeon.
You worshipped Sif Muna.
Sif Muna was pleased with you.
You were hungry.

You visited 1 branch of the dungeon, and saw 6 of its levels.

You collected 194 gold pieces.

Inventory:

Hand Weapons
 h - a +0 club
 l - a +1 quarterstaff (weapon)
 x - the +7 mace "Goemp" {drain, *Slow MR+ Int+6}
   (You found it on level 5 of the Dungeon)

   A truly terrible weapon, it drains the life of those it strikes.
   It affects your intelligence (+6).
   It affects your resistance to hostile enchantments.
   It may slow you when you take damage.
Armour
 a - a +0 robe (worn)
 d - a +1 cloak (worn)
Jewellery
 b - a +5 ring of slaying (left hand)
 e - an uncursed ring of protection from magic {unknown}
 k - an amulet of regeneration (around neck)
 q - an uncursed ring of ice
 u - a +2 ring of dexterity {unknown}
Wands
 r - a wand of clouds (8)
Scrolls
 f - 2 scrolls of remove curse
 g - 3 scrolls of teleportation
 o - 2 scrolls of amnesia
 w - a scroll of magic mapping {unknown}
 y - a scroll of identify
Potions
 i - a potion of heal wounds {unknown}
 j - 2 potions of might
 m - 2 potions of curing {unknown}
 n - a potion of brilliance {unknown}
 p - a potion of lignification {unknown}
 t - a potion of flight {unknown}
 v - a potion of agility {unknown}
 z - a potion of magic {unknown}
 A - 2 potions of degeneration {unknown}
Comestibles
 c - 13 rations


   Skills:
 + Level 5.4 Fighting
 + Level 3.6 Staves
 - Level 1.7 Dodging
 - Level 1.4 Stealth
 + Level 5.4 Spellcasting
 - Level 2.0 Conjurations
 * Level 6.3 Fire Magic


You had 11 spell levels left.
You knew the following spells:

 Your Spells              Type           Power        Failure   Level  Hunger
a - Flame Tongue          Conj/Fire      ###..        2%          1    None
b - Throw Flame           Conj/Fire      ###...       3%          2    #......
c - Conjure Flame         Conj/Fire      ###.....     7%          3    ##.....

Your spell library contained the following spells:

 Spells                   Type           Power        Failure   Level  Hunger
 Inner Flame              Hex/Fire       ###.....     11%         3    ##.....
 Sticky Flame             Conj/Fire      ###.....     24%         4    ####...
 Fireball                 Conj/Fire      ###.......   54%         5    ######.


Dungeon Overview and Level Annotations

Branches:
Dungeon (6/15)
 Temple: D:4-7

Altars:
Ashenzari
Cheibriados
Dithmenos
Elyvilon
Fedhas
Hepliaklqana
Makhleb
Okawaru
Sif Muna
Uskayaw
The Shining One

Shops:
D:6 *


Innate Abilities, Weirdness & Mutations

You are too large for most types of armour.
You have tough skin. (AC +1)


Message History

a +0 dagger; a +0 ring mail
Casting: Conjure Flame (safe; 7% risk of failure)
Confirm with . or Enter, or press ? or * to list all spells.
Aiming: Conjure Flame (safe; 7% risk of failure)
Press: ? - help, Dir - move target cursor The fire ignites!
You are feeling hungry.
The orc warrior hits you with a +0 short sword.
You barely miss the orc warrior.
The orc warrior hits you with a +0 short sword!
* * * LOW HITPOINT WARNING * * *
You barely miss the orc warrior.
The orc warrior hits you but does no damage.
You feel very mighty all of a sudden.
The orc warrior hits you with a +0 short sword.
* * * LOW HITPOINT WARNING * * *
You sock the orc warrior!
The orc warrior is heavily wounded.
The orc warrior hits you with a +0 short sword!!
You die...

♣♣♣ #.#####..##........# #. ..♣♣
#.## #..##.......## #. ...♣♣
#..## ##..#.......# ##.
...^♣♣#...## #..........# #..
≈≈...♣###..####.........# ##.#
.≈...♣ ##...##........## ###..#
..♣..♣ ##......###....####.....
.≈...♣ ##.....o##.>.......##..
≈≈...♣ ##...@○...)..##...##.#
....♣♣ ##....##.....########'#
...♣♣ ##..######...## #♣... ..♣♣
####..## ##....# #.... ♣♣♣
#.#..## ##.....## #♣...
#######...## ###.......## #....
..........####..........### ###_#
.................#..##....### ###
#..............##..###.##...#####


You could see an orc warrior.

Vanquished Creatures
  A sky beast (D:5)
  A black bear (D:5)
  2 ogres
  2 scorpions
  A howler monkey (D:5)
  2 hounds
  An orc priest (D:3)
  A bullfrog skeleton (D:5)
  A gnoll shaman (D:5)
  5 orc wizards (D:4)
  7 worker ants
  5 gnolls
  16 adders
  5 oozes
  3 worms
  2 dart slugs
  3 leopard geckos
  16 orcs
  A ball python (D:5)
  7 bats
  2 giant cockroaches
  8 goblins
  8 hobgoblins
  2 jackals (D:3)
  A ball python skeleton (D:4)
  7 frilled lizards
  2 jackal zombies
  2 kobolds (D:3)
  A quokka skeleton (D:4)
  7 rats
  A fungus (D:3)
  A plant (D:3)
124 creatures vanquished.

Notes
Turn   | Place    | Note
-------+----------+-------------------------------------------
     0 | D:1      | Mrkan the Ogre Fire Elementalist began the quest for the
                  | Orb.
     0 | D:1      | Reached XP level 1. HP: 16/16 MP: 3/3
   127 | D:1      | Reached skill level 1 in Conjurations
   185 | D:1      | Reached XP level 2. HP: 21/26 MP: 2/5
   298 | D:1      | Reached skill level 1 in Fighting
   298 | D:1      | Reached skill level 3 in Fire Magic
   679 | D:1      | Reached XP level 3. HP: 32/33 MP: 2/7
  1232 | D:2      | Found a hide-covered altar of Uskayaw.
  1320 | D:2      | Found a white marble altar of Elyvilon.
  1408 | D:2      | Found a shimmering blue altar of Sif Muna.
  1483 | D:2      | Became a worshipper of Sif Muna the Loreminder
  1499 | D:2      | You fall into a shaft and drop 2 floors!
  1502 | D:4      | Reached XP level 4. HP: 42/42 MP: 5/8
  1793 | D:3      | Reached XP level 5. HP: 41/50 MP: 4/10
  1798 | D:3      | Found a blossoming altar of Fedhas.
  1816 | D:3      | Learned a level 2 spell: Throw Flame
  2127 | D:3      | Found a shadowy altar of Dithmenos.
  2134 | D:3      | Reached skill level 4 in Fire Magic
  2234 | D:3      | Reached * piety under Sif Muna
  2877 | D:3      | Found a burning altar of Makhleb.
  3068 | D:4      | Reached XP level 6. HP: 47/61 MP: 1/11
  3160 | D:4      | Reached skill level 1 in Staves
  3514 | D:4      | Found an iron altar of Okawaru.
  3516 | D:4      | Found a shattered altar of Ashenzari.
  4458 | D:5      | Entered Level 5 of the Dungeon
  4608 | D:5      | Reached XP level 7. HP: 58/68 MP: 9/13
  4726 | D:5      | Found a glowing golden altar of the Shining One.
  4752 | D:5      | Reached ** piety under Sif Muna
  4957 | D:5      | Reached skill level 5 in Fire Magic
  5225 | D:5      | Reached XP level 8. HP: 37/79 MP: 7/15
  5226 | D:5      | Found a hazy altar of Hepliaklqana.
  5383 | D:4      | Learned a level 3 spell: Conjure Flame
  5412 | D:5      | Reached skill level 5 in Spellcasting
  5599 | D:5      | Found a white marble altar of Elyvilon.
  5608 | D:5      | Got an iridescent mace
  5609 | D:5      | Identified the +7 mace "Goemp" {drain, *Slow MR+ Int+6}
                  | (You found it on level 5 of the Dungeon)
  5705 | D:5      | Reached skill level 5 in Fighting
  5749 | D:5      | Reached skill level 6 in Fire Magic
  6109 | D:5      | Found a snail-covered altar of Cheibriados.
  6463 | D:6      | Found Moab's General Store.
  6714 | D:5      | Slain by an orc warrior

Levels and vault maps discovered:
D:1:      wheals_arrival_linesprint, layout_basic, chequers_garden, st_stairs_8,
          minmay_tromino_i2
D:2:      layout_rooms, old_standard_altar, led_sif_pool,
          overflow_temple_1_default, chequers_ecumenical_altar_lobes
D:3:      minmay_spotlight, layout_loops_cross, fedhas_altar_3,
          lightli_temple_of_fire, grunt_dithmenos_smoke
D:4:      layout_loops_ring, minitemple, first_ration
D:5:      layout_layer_cave, overflow_temple_1_default, kennysheep_mini,
          tso_altar, basic_altar, kennysheep_generic_room_2
D:6:      layout_cave_pools, old_standard_altar, serial_shops,
          nicolae_shop_stone

Skill      XL: |  1  2  3  4  5  6  7  8 |
---------------+-------------------------+-----
Conjurations   | 1 2 |  2.0
Fighting       | 1 2 3 4 5 |  5.4
Fire Magic     | 3 4 5 6 |  6.3
Spellcasting   | 3 4 5 |  5.4
Staves         | 1 2 3 |  3.6
Dodging        | |  1.7
Stealth        | |  1.4

Action                   |  1- 3 |  4- 6 |  7- 9 || total
-------------------------+-------+-------+-------++-------
Melee: Unarmed           |    59 |       |       ||    59
       Club              |    35 |    32 |       ||    67
       Quarterstaff      |       |   115 |   116 ||   231
 Cast: Flame Tongue      |    37 |    22 |       ||    59
       Throw Flame       |       |    59 |    44 ||   103
       Conjure Flame     |       |       |     6 ||     6
  Use: Scroll            |       |     5 |     1 ||     6
       Potion            |       |       |     1 ||     1
 Stab: Sleeping          |     1 |       |     1 ||     2
  Eat: Chunk             |     2 |    13 |     7 ||    22
Armor: Robe              |    57 |    41 |    39 ||   137
Dodge: Dodged            |    70 |    58 |    79 ||   207
